 Dungeon Crawl Stone Soup version 0.26.0-16-gc1dbca0489 (webtiles) character file.

Game seed: 1682874004276787741

164 zcampers the Chopper (level 5, -4/47 HPs)
             Began as a Minotaur Berserker on Jan 21, 2021.
             Was a Priest of Trog.
             Slain by an orc warrior
             ... wielding a +0 trident
              (20 damage)
             ... on level 3 of the Dungeon.
             The game lasted 00:04:30 (2966 turns).

zcampers the Chopper (Minotaur Berserker)           Turns: 2966, Time: 00:04:30

Health: -4/47      AC:  5    Str: 21    XL:     5   Next: 21%
Magic:  4/4        EV: 15    Int:  5    God:    Trog [***...]
Gold:   104        SH:  6    Dex: 10    Spells: 4/4 levels left

rFire    . . .     SeeInvis .   a - +0 hand axe
rCold    . . .     Faith    .   h - +2 buckler
rNeg     . . .     Spirit   .   n - +0 ring mail
rPois    .         Reflect  .   (helmet restricted)
rElec    .         Harm     .   (no cloak)
rCorr    .         Rampage  .   (no gloves)
Will     ++...                  (no boots)
Stlth    +.........             (no amulet)
HPRegen  1.15/turn              b - +4 ring of evasion
MPRegen  0.09/turn              (no ring)

@: regenerating (expiring)
A: retaliatory headbutt, horns 2
a: Renounce Religion, Berserk, Trog's Hand


You were on level 3 of the Dungeon.
You worshipped Trog.
Trog was most pleased with you.
You visited 1 branch of the dungeon, and saw 3 of its levels.

You collected 104 gold pieces.

Inventory:

Hand Weapons
 a - a +0 hand axe (weapon)
Missiles
 i - 5 boomerangs (quivered)
Armour
 h - a +2 buckler (worn)
 n - a +0 ring mail (worn)
Jewellery
 b - a +4 ring of evasion (left hand)
Wands
 k - a wand of random effects (9)
Scrolls
 d - a scroll of remove curse
 m - 2 scrolls of identify
 o - a scroll of immolation {unknown}
 p - a scroll of magic mapping {unknown}
Potions
 c - a potion of mutation {unknown}
 e - 2 potions of flight {unknown}
 f - a potion of resistance {unknown}
 g - a potion of degeneration {unknown}
 j - a potion of curing
 l - a potion of cancellation {unknown}
 q - a potion of heal wounds


   Skills:
 + Level 4.4 Fighting
 + Level 5.2 Axes
 + Level 0.2 Throwing
 + Level 2.6 Armour
 + Level 3.3 Dodging
 + Level 0.6 Stealth
 + Level 2.0 Shields


You had 4 spell levels left.
You didn't know any spells.
Your spell library was empty.

Dungeon Overview and Level Annotations

Branches:
Dungeon (3/15)

Altars:
Elyvilon
Sif Muna
Trog


Innate Abilities, Weirdness & Mutations

You reflexively headbutt those who attack you in melee.
You have a pair of horns on your head.


Message History

You feel the effects of Trog's Hand fading.
The orc wizard casts a spell.
The orc wizard blinks!
The orc warrior barely misses you.
Found a stone staircase leading up.
You slash the hobgoblin!
You kill the hobgoblin!
Trog accepts your kill.
You hit the orc wizard but do no damage.
You hit the orc warrior but do no damage.
The orc warrior barely misses you.
The orc wizard gestures at you while chanting.
The magic dart hits you.
* * * LOW HITPOINT WARNING * * *
You block the orc wizard's attack.
You miss the orc wizard.
You hit the orc warrior but do no damage.
The orc wizard casts a spell.
The orc wizard blinks!
The orc warrior hits you with a +0 trident!!
You die...

#≈###≈≈#≈#.......≈≈≈#.#
#≈≈≈≈#≈#≈##.###.≈≈≈...#
#≈≈≈≈#≈#≈#......#≈≈#..#
##≈#≈#≈≈###.#.###≈≈#
#≈###≈≈≈##...# ## ###
###≈#....# ###.
#≈##.#.###.....
###....oo......
#......)@..o...<
#......§........
..^...........#.
#......#.####.#
..#.#..#.# # .##.#..#..
# #..... #. ...


You could see an orc warrior and 2 orc wizards.

Vanquished Creatures
  A worker ant (D:3)
  Robin (D:1)
  5 adders
  A gnoll (D:1)
  2 worms
  A dart slug (D:1)
  An orc (D:3)
  4 ball pythons
  2 giant cockroaches
  16 goblins
  7 hobgoblins
  3 jackals (D:2)
  2 quokkas (D:2)
  7 bats
  5 frilled lizards
  6 kobolds
  6 rats
70 creatures vanquished.

Notes
Turn   | Place    | Note
-------+----------+-------------------------------------------
     0 | D:1      | zcampers the Minotaur Berserker began the quest for the
                  | Orb.
     0 | D:1      | Reached XP level 1. HP: 19/19 MP: 0/0
   445 | D:1      | Reached XP level 2. HP: 27/27 MP: 1/1
   478 | D:1      | Reached skill level 4 in Axes
   864 | D:1      | Reached XP level 3. HP: 29/33 MP: 2/2
  1000 | D:1      | Reached ** piety under Trog
  1390 | D:2      | Noticed Robin
  1720 | D:1      | Killed Robin
  2077 | D:2      | Reached skill level 1 in Shields
  2077 | D:2      | Reached XP level 4. HP: 35/41 MP: 3/3
  2097 | D:2      | Found a white marble altar of Elyvilon.
  2350 | D:2      | Found a shimmering blue altar of Sif Muna.
  2396 | D:2      | Found a bloodstained altar of Trog.
  2456 | D:2      | Reached skill level 5 in Axes
  2716 | D:3      | Reached XP level 5. HP: 47/47 MP: 4/4
  2729 | D:3      | Reached *** piety under Trog
  2953 | D:3      | Noticed an orc warrior
  2966 | D:3      | Slain by an orc warrior

Illustrated notes

Levels and vault maps discovered:
D:1:      lightli_arrival_noodles, layout_basic
D:2:      layout_rooms, elyvilon_altar_4, nicolae_overflow_hidden_temple,
          uniq_robin
D:3:      layout_basic, serial_rivers, chequers_serial_rivers_small_3,
          chequers_serial_rivers_small_b, chequers_serial_rivers_small_b,
          chequers_serial_rivers_small_b, chequers_serial_rivers_large_b,
          chequers_serial_rivers_large_a, nicolae_qazlal_style_of_elements

Skill      XL: |  1  2  3  4 |
---------------+-------------+-----
Fighting       | 4 |  4.4
Axes           | 4 5 |  5.2
Shields        | 1 2 |  2.0
Dodging        | 3 |  3.3
Throwing       | |  0.2
Armour         | |  2.6
Stealth        | |  0.6

Action                   |  1- 3 |  4- 6 || total
-------------------------+-------+-------++-------
Melee: Hand axe          |    98 |    47 ||   145
       Headbutt          |    10 |     5 ||    15
Throw: Boomerang         |     5 |     8 ||    13
Invok: Berserk           |     1 |       ||     1
       Trog's Hand       |       |     1 ||     1
  Use: Scroll            |     2 |       ||     2
       Potion            |     4 |       ||     4
Armor: Animal skin       |    18 |     8 ||    26
       Ring mail         |       |     5 ||     5
Dodge: Dodged            |    68 |    54 ||   122
Block: Buckler           |    19 |    26 ||    45
